 Dungeon Crawl Stone Soup version 0.21-b1-23-g1fb0a74c36 (webtiles) character file.

42 NixNut the Caller (level 3, -2/27 HPs)
             Began as a Demonspawn Wanderer on Jan 6, 2018.
             Slain by an adder (4 damage)
             ... on level 2 of the Dungeon.
             The game lasted 00:11:42 (2194 turns).

NixNut the Caller (Demonspawn Wanderer)             Turns: 2194, Time: 00:11:43

Health: -2/27      AC:  2    Str: 11    XL:     3   Next: 35%
Magic:  2/6        EV: 11    Int: 15    God:
Gold:   66         SH:  0    Dex: 12    Spells: 3/6 levels left

rFire    + . .     SeeInvis .   b - +0 hand crossbow
rCold    + . .     Gourm    .   (no shield)
rNeg     . . .     Faith    .   e - +0 robe
rPois    .         Spirit   .   (helmet restricted)
rElec    .         Reflect  .   g - scarf {rC+ rF+}
rCorr    .         Harm     .   (no gloves)
MR       .....                  (no boots)
Stlth    ++........             (no amulet)
HPRegen  0.09/turn              (no ring)
MPRegen  0.10/turn              (no ring)

@: lethally poisoned (-2 -> -6), sluggish, very slow
A: antennae 1
a: no special abilities


You were on level 2 of the Dungeon.
You were not hungry.

You visited 1 branch of the dungeon, and saw 2 of its levels.

You collected 66 gold pieces.

Inventory:

Hand Weapons
 b - a +0 hand crossbow (weapon)
Missiles
 c - 17 bolts (quivered)
Armour
 e - a +0 robe (worn)
 g - a scarf of resistance (worn)
Scrolls
 d - a scroll of teleportation
 f - a scroll of random uselessness {unknown}
 k - a scroll of identify {unknown}
Potions
 h - a potion of agility {unknown}
 i - a potion of brilliance {unknown}
 j - a potion of curing {unknown}
Books
 a - a book of Air

   Spells                             Type                      Level
   a - Shock                          Conjuration/Air              1
   b - Swiftness                      Charms/Air                   2
   c - Static Discharge               Conjuration/Air              3
   d - Airstrike                      Air                          4
   e - Lightning Bolt                 Conjuration/Air              5


   Skills:
 + Level 1.8 Fighting
 - Level 1.0 Crossbows
 - Level 1.0 Armour
 - Level 1.2 Stealth
 * Level 2.0 Spellcasting
 * Level 1.0 Conjurations
   Level 2.0 Summonings
 - Level 2.0 Air Magic
   Level 1.0 Evocations


You had 3 spell levels left.
You knew the following spells:

 Your Spells              Type           Power        Failure   Level  Hunger
s - Swiftness             Chrm/Air       #.......     22%         2    ###....
z - Shock                 Conj/Air       #...         12%         1    #......


Dungeon Overview and Level Annotations

Branches:
Dungeon (2/15)

Altars:
Nemelex Xobeh


Innate Abilities, Weirdness & Mutations

You have a pair of small antennae on your head.


Message History

Confirm with . or Enter, or press ? or * to list all spells.
Aiming: Shock
Press: ? - help, Shift-Dir - straight line, f/p - adder
Aim: an adder The zap hits the adder.
The adder is moderately wounded.
The adder bites you.
* * * LOW HITPOINT WARNING * * *
The adder bites you.
* * * LOW HITPOINT WARNING * * *
Casting: Shock
Confirm with . or Enter, or press ? or * to list all spells.
Aiming: Shock
Press: ? - help, Shift-Dir - straight line, f/p - adder
Aim: an adder (moderately wounded)
The zap hits the adder.
The adder is severely wounded.
* * * LOW HITPOINT WARNING * * *
You feel sick. The adder bites you.
You die...

##### #...# ...
#...####### ..#
#...#.....# S.#
#...#.....# S.#
#####..S#.....# ..##
### .......@S.....+ ...
...
#########.....##.######
#..'.....'(.....<.
#.##.....##.######
#.######## .# #.# .#
#.# .# #.# .# #.# .#


You could see 2 adders.

Vanquished Creatures
  An adder (D:2)
  3 dart slugs
  3 bats (D:1)
  3 giant cockroaches
  A goblin (D:1)
  3 hobgoblins (D:1)
  4 kobolds
  3 frilled lizards
  7 rats
28 creatures vanquished.

Notes
Turn   | Place    | Note
-------+----------+-------------------------------------------
     0 | D:1      | NixNut the Demonspawn Wanderer began the quest for the Orb.
     0 | D:1      | NixNut set off with: a book of Air, a +0 hand crossbow, 25 bolts, a scroll of teleportation, a +0 robe, a ration
     0 | D:1      | Reached XP level 1. HP: 15/15 MP: 2/2
     2 | D:1      | Learned a level 1 spell: Shock
   787 | D:1      | Gained mutation: You have a pair of small antennae on your head. [demonic ancestry]
   787 | D:1      | Reached XP level 2. HP: 21/21 MP: 1/3
  1853 | D:2      | Found a sparkling altar of Nemelex Xobeh.
  1871 | D:2      | Reached XP level 3. HP: 26/26 MP: 5/5
  1917 | D:2      | Learned a level 2 spell: Swiftness
  1962 | D:2      | Reached skill level 1 in Conjurations
  2194 | D:2      | Slain by an adder

Skill      XL: |  1  2  3 |
---------------+----------+-----
Air Magic      | 2 |  2.0
Spellcasting   | 2 |  2.0
Conjurations   | 1 |  1.0
Fighting       | |  1.8
Crossbows      | |  1.0
Armour         | |  1.0
Stealth        | |  1.2
Summonings     | |  2.0
Evocations     | |  1.0

Action                   || total
-------------------------++-------
 Fire: Hand crossbow     ||    59
 Cast: Shock             ||    18
       Swiftness         ||     1
  Eat: Ration            ||     1
       Chunk             ||     1
Armor: Robe              ||     8
Dodge: Dodged            ||    23
